 Dungeon Crawl Stone Soup version 0.28-a0-1159-g27aa881441 (webtiles) character file.

Game seed: 12321450794323789775

10874 jtrev the Basher (level 11, -17/67 HPs)
             Began as a Gargoyle Berserker on Dec 16, 2021.
             Was a Priest of Trog.
             Demolished by a two-headed ogre (28 damage)
             ... on level 10 of the Dungeon.
             The game lasted 00:57:28 (14042 turns).

jtrev the Basher (Gargoyle Berserker)              Turns: 14042, Time: 00:57:29

Health: -17/67     AC: 15    Str: 26    XL:     11   Next: 68%
Magic:  11/11      EV: 12    Int:  7    God:    Trog [***...]
Gold:   473        SH:  0    Dex:  9    Spells: 10/10 levels left

rFire   + . .      SeeInvis .   n - +1 whip (venom)
rCold   + . .      Faith    .   (no shield)
rNeg    + + .      Spirit   .   v - +0 leather armour "Zioloeme" {rF+}
rPois   ∞          Reflect  .   o - +0 helmet
rElec   +          Harm     .   z - +0 cloak
rCorr   .          Rampage  .   H - +0 pair of gloves
Will    ++...                   (no boots)
Stlth   +.........              (no amulet)
HPRegen 1.21/turn               L - ring of Pessimism {rC+ rN+}
MPRegen 0.12/turn               (no ring)

@: strong-willed, regenerating
A: sickness immunity, AC +8, negative energy resistance 1, electricity
resistance, torment resistance 1, petrification resistance
a: Renounce Religion, Berserk, Trog's Hand


You were on level 10 of the Dungeon.
You worshipped Trog.
Trog was most pleased with you.
You visited 2 branches of the dungeon, and saw 11 of its levels.

You collected 473 gold pieces.

Inventory:

Hand Weapons
 n - a +1 whip of venom (weapon)
   (You found it on level 3 of the Dungeon)
 E - the +8 whip "Azxa" {drain, Fly Dex+5}
   (You found it on level 8 of the Dungeon)

   A truly terrible weapon, it drains the life of any living foe it strikes.
   Dex:       It affects your dexterity (+5).
   Fly:       It grants you flight.
 Q - a +2 flail of freezing
   (You took it off a wight on level 8 of the Dungeon)
 R - a +4 flail
   (You took it off a wight on level 8 of the Dungeon)
Missiles
 j - 36 poisoned darts (quivered)
Armour
 h - a +0 chain mail
   (You found it on level 2 of the Dungeon)
 o - a +0 helmet (worn)
   (You took it off Robin on level 3 of the Dungeon)
 v - the +0 leather armour "Zioloeme" (worn) {rF+}
   (You found it on level 4 of the Dungeon)

   rF:        It protects you from fire.
 z - a +0 cloak (worn)
   (You found it on level 5 of the Dungeon)
 D - a +0 plate armour
   (You found it on level 4 of the Dungeon)
 H - a +0 pair of gloves (worn)
   (You found it on level 6 of the Dungeon)
 I - a +0 kite shield
   (You took it off an orc on level 6 of the Dungeon)
Jewellery
 L - the ring of Pessimism (left hand) {rC+ rN+}
   (You found it on level 7 of the Dungeon)

   [ring of positive energy]

   rC:        It protects you from cold.
   rN:        It protects you from negative energy.
Wands
 d - a wand of iceblast (27)
   (You took it off an orc wizard on level 6 of the Dungeon)
 t - a wand of flame (21)
   (You found it on level 7 of the Dungeon)
 u - a wand of paralysis (9)
   (You found it on level 7 of the Dungeon)
 x - a wand of polymorph (6)
   (You took it off a gnoll on level 4 of the Dungeon)
Scrolls
 a - a scroll of noise {unknown}
 b - 3 scrolls of amnesia {unknown}
 f - 3 scrolls of blinking {unknown}
 k - 8 scrolls of identify {unknown}
 m - 2 scrolls of magic mapping {unknown}
 p - 5 scrolls of teleportation {@r4}
 q - a scroll of vulnerability {unknown}
 r - a scroll of enchant weapon {unknown}
 y - 2 scrolls of immolation {unknown}
 B - a scroll of brand weapon {unknown}
 C - a scroll of silence {unknown}
 F - 2 scrolls of fog {unknown}
 J - a scroll of acquirement {unknown}
 M - a scroll of summoning {unknown}
 N - a scroll of fear {unknown}
Potions
 c - 8 potions of curing {unknown}
 e - 3 potions of might {unknown}
 g - a potion of haste {unknown}
 i - 3 potions of lignification {unknown}
 l - 3 potions of heal wounds {@q2}
 s - 2 potions of flight {unknown}
 w - 2 potions of mutation {unknown}
 A - 2 potions of degeneration {unknown}
 K - 3 potions of resistance {unknown}


   Skills:
 - Level 7.3 Fighting
 + Level 13.8 Maces & Flails
 - Level 4.2 Armour
 - Level 3.1 Dodging
 * Level 10.2 Shields


You had 10 spell levels left.
You didn't know any spells.
Your spell library was empty.

Dungeon Overview and Level Annotations

Branches:
Dungeon (10/15)            Temple (1/1) D:4
   Lair: D:8-11         Orc: D:9-12

Altars:
Ashenzari
Cheibriados
Dithmenos
Elyvilon
Fedhas
Gozag
Hepliaklqana
Kikubaaqudgha
Makhleb
Nemelex Xobeh
Okawaru
Qazlal
Ru
Sif Muna
Trog
Uskayaw
Vehumet
Wu Jian
Xom
Yredelemnul
Zin
The Shining One


Innate Abilities, Weirdness & Mutations

You are immune to sickness and miasma.
Your stone body is resilient. (AC +8)
You are immune to poison.
You resist negative energy. (rN+)
You are resistant to electric shocks. (rElec)
You are resistant to unholy torment.
You are immune to petrification.


Message History

You feel a strong urge to attack something.
You are no longer berserk.
You are exhausted.
You feel yourself slow down.
You start resting.
You feel yourself speed up.
You recover from your berserk rage.
Things that are here:
a +0 giant club; a +0 giant spiked club
t - a wand of flame (21) (gained 8 charges)
You now have 473 gold pieces (gained 13).
Found an escape hatch in the floor.
A two-headed ogre comes into view.
It is wielding two +0 giant spiked clubs.
Found 18 gold pieces.
The two-headed ogre shouts in stereo!
A two-headed ogre is nearby!
You barely miss the two-headed ogre. The two-headed ogre barely misses you.
The two-headed ogre hits you with a +0 giant spiked club.
You barely miss the two-headed ogre. You whack the two-headed ogre!
The two-headed ogre is poisoned.
You hit the two-headed ogre.
The two-headed ogre hits you with a +0 giant spiked club!
The two-headed ogre hits you with a +0 giant spiked club!!
You completely miss the two-headed ogre.
You hit the two-headed ogre but do no damage.
The two-headed ogre looks as sick as possible!
The two-headed ogre hits you with a +0 giant spiked club!
* * * LOW HITPOINT WARNING * * *
The two-headed ogre hits you but does no damage.
You hit the two-headed ogre.
Unknown command.
You hit the two-headed ogre.
The two-headed ogre looks as sick as possible!
Unknown command.
You hit the two-headed ogre.
The two-headed ogre hits you with a +0 giant spiked club!
* * * LOW HITPOINT WARNING * * *
The two-headed ogre barely misses you.
Okay, then.
Okay, then.
Okay, then.
Okay, then.
Your skin crawls.
You feel strong-willed.
The two-headed ogre hits you with a +0 giant spiked club!
* * * LOW HITPOINT WARNING * * *
The two-headed ogre barely misses you.
Unknown command.
The two-headed ogre hits you with a +0 giant spiked club!!
You die...

.........#
##...#....###
#....#......#
#....#...>..#
#....#......#
#....#......#
#....#......#
#.O..#......#
####@#..#....###
#....#.......#
#....#.......#
#....#.......#
#....#.......#
#....#########
#....#......#
#....#......#
#...........#


You could see a two-headed ogre (very poisoned).

Vanquished Creatures
  Gastronok (D:9)
  A centaur warrior (D:9)
  3 two-headed ogres
  The ghost of Zonian the Grave Robber, a novice DsNe of Yredelemnul (D:8)
  2 ugly things
  A troll (D:9)
  Prince Ribbit (D:8)
  3 hornets
  4 yaks
  A wyvern (D:9)
  2 steam dragons
  4 water moccasins
  3 orc warriors
  2 black bears (D:7)
  A hornet zombie (D:6)
  3 ogres
  A sky beast (D:5)
  A necrophage (D:8)
  3 phantoms
  4 centaurs
  A kobold brigand (D:4)
  4 scorpions
  A wyvern zombie (D:6)
  A water moccasin skeleton (D:5)
  8 wights
  2 howler monkeys
  3 electric eels (D:7)
  A bullfrog zombie (D:7)
  3 centaur zombies
  A jelly (D:5)
  6 hounds
  3 centaur skeletons
  Jessica (D:3)
  5 iguanas
  6 orc wizards
  5 killer bee zombies
  2 hound skeletons (D:4)
  2 howler monkey zombies
  Robin (D:3)
  4 adders
  19 gnolls
  2 howler monkey skeletons
  An ufetubus (D:5)
  4 worms
  4 dart slugs
  36 orcs
  10 ball pythons
  5 endoplasms
  4 giant cockroaches
  12 goblins
  11 hobgoblins
  15 jackals (D:4)
  2 kobolds
  3 quokkas
  3 bats
  2 frilled lizards
  3 rats
238 creatures vanquished.

Vanquished Creatures (collateral kills)
  An orc priest (D:8)
  An orc (D:8)
2 creatures vanquished.

Vanquished Creatures (others)
  A centaur skeleton (D:7)
  44 plants
45 creatures vanquished.

Grand Total: 285 creatures vanquished

Notes
Turn   | Place    | Note
-------+----------+-------------------------------------------
     0 | D:1      | jtrev the Gargoyle Berserker began the quest for the Orb.
     0 | D:1      | Reached XP level 1. HP: 14/14 MP: 1/1
   275 | D:1      | Reached XP level 2. HP: 13/19 MP: 2/2
  1344 | D:1      | Reached skill level 4 in Maces & Flails
  1344 | D:1      | Reached XP level 3. HP: 10/23 MP: 3/3
  1902 | D:2      | Reached XP level 4. HP: 28/28 MP: 4/4
  2021 | D:2      | Reached ** piety under Trog
  2042 | D:2      | Reached skill level 5 in Maces & Flails
  2451 | D:3      | Noticed Jessica
  2626 | D:3      | Found an ancient bone altar of Kikubaaqudgha.
  2631 | D:3      | Killed Jessica
  2632 | D:3      | Reached XP level 5. HP: 28/32 MP: 5/5
  2797 | D:3      | Noticed Robin
  2820 | D:3      | Killed Robin
  3036 | D:3      | Reached skill level 6 in Maces & Flails
  3192 | D:3      | Found a snail-covered altar of Cheibriados.
  3474 | D:4      | Noticed an ogre
  3483 | D:4      | Killed an ogre
  3484 | D:4      | Reached XP level 6. HP: 37/37 MP: 6/6
  3490 | D:4      | Reached skill level 7 in Maces & Flails
  3570 | D:4      | Reached XP level 7. HP: 24/41 MP: 7/7
  3669 | D:4      | Reached *** piety under Trog
  3685 | D:4      | Found a staircase to the Ecumenical Temple.
  3696 | Temple   | Entered the Ecumenical Temple
  4146 | D:4      | Reached skill level 8 in Maces & Flails
  4209 | D:4      | Identified the +0 leather armour "Zioloeme" {rF+}
  4778 | D:4      | Reached skill level 9 in Maces & Flails
  4838 | D:4      | Reached **** piety under Trog
  4998 | D:4      | You fall into a shaft and drop 3 floors!
  5089 | D:7      | Reached XP level 8. HP: 40/46 MP: 8/8
  5096 | D:5      | Entered Level 5 of the Dungeon
  5393 | D:5      | Reached skill level 10 in Maces & Flails
  6507 | D:5      | Reached skill level 11 in Maces & Flails
  6566 | D:5      | Reached ***** piety under Trog
  6713 | D:5      | Reached XP level 9. HP: 29/52 MP: 9/9
  7028 | D:5      | Found a white marble altar of Elyvilon.
  7028 | D:5      | Found a glowing golden altar of the Shining One.
  8223 | D:6      | Identified the +2 robe of the Elven Halls {Int+6}
  8627 | D:7      | Noticed a hornet
  8649 | D:6      | Killed a hornet
  8650 | D:6      | Reached skill level 5 in Fighting
  8650 | D:6      | Reached skill level 1 in Shields
  8755 | D:7      | Reached skill level 12 in Maces & Flails
  8931 | D:7      | Noticed a red ugly thing
  9222 | D:7      | Reached XP level 10. HP: 47/60 MP: 10/10
  9365 | D:7      | Killed a red ugly thing
  9893 | D:7      | Identified the ring of Pessimism {rC+ rN+}
  9924 | D:7      | Found a radiant altar of Vehumet.
  9933 | D:7      | Found a hide-covered altar of Uskayaw.
 10870 | D:8      | Noticed Prince Ribbit
 10880 | D:8      | Killed Prince Ribbit
 10899 | D:8      | Found a runed translucent door.
 10899 | D:8      | Noticed Zonian's ghost (novice DsNe)
 10927 | D:8      | Reached skill level 5 in Shields
 11032 | D:8      | Identified the +8 halberd of the Wilderness {vorpal,
                  | *Corrode Fly Dex+3 Stlth+}
 11564 | D:8      | Identified the +8 whip "Azxa" {drain, Fly Dex+5}
 12191 | D:8      | Killed Zonian's ghost
 12192 | D:8      | Reached skill level 13 in Maces & Flails
 12439 | D:9      | Found a transporter.
 12451 | D:9      | Found a transporter.
 12460 | D:9      | Noticed a two-headed ogre
 12460 | D:9      | Found a transporter.
 12460 | D:9      | Found a transporter.
 12473 | D:9      | Killed a two-headed ogre
 12474 | D:9      | Reached XP level 11. HP: 67/67 MP: 11/11
 12651 | D:9      | Noticed a two-headed ogre
 12651 | D:9      | Noticed a purple ugly thing
 12661 | D:9      | Killed a purple ugly thing
 12669 | D:9      | Killed a two-headed ogre
 12908 | D:9      | Noticed a centaur warrior
 12930 | D:9      | Killed a centaur warrior
 13302 | D:9      | Noticed Gastronok
 13320 | D:9      | Killed Gastronok
 13436 | D:9      | Found a transporter.
 13441 | D:9      | Found a transporter.
 13881 | D:10     | Entered Level 10 of the Dungeon
 13886 | D:10     | Noticed a two-headed ogre
 13906 | D:10     | Killed a two-headed ogre
 13907 | D:10     | Reached skill level 10 in Shields
 14018 | D:10     | Noticed a two-headed ogre
 14042 | D:10     | Demolished by a two-headed ogre

Illustrated notes

Levels and vault maps discovered:
D:1:      dpeg_arrival_rhombus, layout_rooms, minmay_pentomino_o2
D:2:      layout_basic, feat_on_display
D:3:      layout_loops_cross, slow_altar_2, mainiacjoe_overflow_cross_hatched,
          uniq_jessica, uniq_robin
D:4:      lemuel_castle_with_subvaults [lemuel_castle_interior_carwin_2],
          layout_loops_ring, minmay_temple_entry_tees, kennysheep_cluttered_room
D:5:      layout_loops_cross, gammafunk_temple_overflow_wave, st_stairs_6,
          minmay_increasing_density
D:6:      layout_basic, minmay_circle_x
D:7:      layout_cave_pools, mainiacjoe_overflow_swirl, serial_bayou,
          serial_bayou_lake_a, serial_bayou_lagoon_a, serial_bayou_pond_a,
          serial_bayou_pond_a, minmay_misc_feat_diagonals
D:8:      layout_loops_cross, hellmonk_ghost_happy_afterlife,
          uniq_prince_ribbit1
D:9:      layout_basic, minivault_20, serial_nicolae_subway,
          nicolae_sub_station_metal, nicolae_sub_station_crystal,
          nicolae_sub_station_stone, uniq_gastronok
D:10:     layout_grid_maze
Temple:   nicolae_temple_elliptical

Skill      XL: |  1  2  3  4  5  6  7  8  9 10 11 |
---------------+----------------------------------+-----
Maces & Flails | 4 5 6 7 9 11 12 13 | 13.8
Dodging        | 2 3 |  3.1
Armour         | 4 |  4.2
Fighting       | 5 7 |  7.3
Shields        | 2 7 10 | 10.2

Action                   |  1- 3 |  4- 6 |  7- 9 | 10-12 || total
-------------------------+-------+-------+-------+-------++-------
Melee: Mace              |    66 |    64 |       |       ||   130
       Whip              |       |   111 |   636 |   418 ||  1165
       Unarmed           |       |       |     2 |       ||     2
Throw: Dart              |       |     1 |       |       ||     1
Invok: Berserk           |       |     2 |     5 |     8 ||    15
       Brothers in Arms  |       |       |     1 |     1 ||     2
       Trog's Hand       |       |       |     1 |     2 ||     3
  Use: Scroll            |       |       |     1 |       ||     1
       Potion            |       |       |     1 |       ||     1
 Stab: Sleeping          |       |       |     1 |       ||     1
Armor: Animal skin       |    10 |       |       |       ||    10
       Ring mail         |    10 |    59 |   110 |       ||   179
       Leather armour    |       |       |    88 |    98 ||   186
Dodge: Dodged            |    59 |   101 |   253 |   136 ||   549

Table legend: (Time is in decaauts)
 A = Elapsed time spent in this place.
 B = Non-inter-level travel time spent in this place.
 C = Inter-level travel time spent in this place.
 D = Time resting spent in this place.
 E = Time spent auto-exploring this place.
 F = Levels seen in this place.
 G = Mean time per level.
                   A        B        C        D        E       F      G
               +--------+--------+--------+--------+--------+-----+--------+
         Total |  13784 |  12887 |    897 |   4092 |   5934 |  11 | 1253.1 |
       Dungeon |  13571 |  12696 |    875 |   4092 |   5760 |  10 | 1357.1 |
        Temple |    212 |    190 |     22 |      0 |    174 |   1 |  212.0 |
               +--------+--------+--------+--------+--------+-----+--------+

Top non-repeatable levels by time:
     D:4: 2134 daAuts
     D:6: 1974 daAuts
     D:1: 1725 daAuts
     D:9: 1583 daAuts
     D:7: 1560 daAuts
     D:8: 1370 daAuts
     D:5: 1279 daAuts
     D:2: 955 daAuts
     D:3: 822 daAuts
  Temple: 212 daAuts
    D:10: 164 daAuts
